 Dungeon Sprint DCSS version 0.28-a0-863-g8cecda6153 (webtiles) character file.

Game seed: 30939775145553661

47 emperorscorpion the Magician (level 3, 0/25 HPs)
             Began as a Djinni Air Elementalist on Nov 17, 2021.
             Slain by a howler monkey (2 damage)
             ... in the Dungeon (Sprint IX: "|||||||||||||||||||||||||||||").
             The game lasted 00:00:39 (84 turns).

emperorscorpion the Magician (DjAE)                   Turns: 84, Time: 00:00:40

Health: 0/25       AC:  2    Str:  7    XL:     3   Next: 97%
Gold:   0          EV: 13    Int: 16    God:
                   SH:  0    Dex: 14

rFire   + + .      SeeInvis .   g - +0 short sword
rCold   x . .      Faith    .   (no shield)
rNeg    . . .      Spirit   .   a - +0 robe
rPois   ∞          Reflect  .   (no helmet)
rElec   .          Harm     .   (no cloak)
rCorr   .          Rampage  .   (no gloves)
Will    .....      NoTele   +   (boots unavailable)
Stlth   ++........              (no amulet)
HPRegen 0.08/turn               (no ring)
MPRegen 0.00/turn               (no ring)

@: on berserk cooldown, flying, slowed, very slow
A: sickness immunity, fire resistance 2, cold vulnerability 1, float, innate
caster, hp casting, extra vitality 1
a: no special abilities


You were in the Dungeon.
You visited 1 branch

Inventory:

Hand Weapons
 g - a +0 short sword (weapon)
Armour
 a - a +0 robe (worn)
Scrolls
 f - a scroll of blinking
Potions
 b - a potion of curing
 c - a potion of heal wounds
 d - a potion of haste


   Skills:
 + Level 0.1 Short Blades
 + Level 3.4 Dodging
 + Level 2.5 Stealth
 + Level 5.2 Spellcasting


You had one spell level left.
You knew the following spells:

 Your Spells              Type           Power      Damage    Failure   Level
a - Shock                 Conj/Air       80%        1d8       1%          1
b - Static Discharge      Conj/Air       20%        N/A       2%          2
c - Swiftness             Air            20%        N/A       5%          3
d - Airstrike             Air            10%        N/A       17%         4
e - Foxfire               Conj/Fire      80%        2x1d8     1%          1
Your spell library was empty.

Dungeon Overview and Level Annotations

Branches:
Dungeon (1/1)

Altars:


Innate Abilities, Weirdness & Mutations

You are immune to sickness and miasma.
You are immune to poison.
Your flesh is very heat resistant. (rF++)
You are vulnerable to cold. (rC-)
You float through the air rather than walking.
You learn spells naturally, not from books.
Your magical power is your life essence.
You have superior vitality. (+4 HP)


Message History

The adder is lightly wounded.
The adder misses you.
You closely miss the adder.
The adder is lightly wounded.
The howler monkey hoots and howls with incredible vigour!
The adder closely misses you.
You closely miss the adder.
The adder is lightly wounded.
The adder bites you.
You puncture the adder!
The adder is almost dead.
The adder bites you.
You puncture the adder!
You kill the adder!
You are no longer berserk.
You are exhausted.
You feel yourself slow down.
Casting: Shock (safe; 1% risk of failure)
Confirm with . or Enter, or press ? or * to list all spells.
The howler monkey is struck by an arc of lightning.
The howler monkey is lightly wounded.
You are struck by an arc of lightning.
The howler monkey is struck by an arc of lightning.
The howler monkey is moderately wounded.
You are struck by an arc of lightning.
* * * LOW HITPOINT WARNING * * *
The lightning grounds out.
* * * LOW HITPOINT WARNING * * *
The howler monkey hoots and howls with incredible vigour!
The howler monkey barely misses you.
Casting: Static Discharge (safe; 2% risk of failure)
Confirm with . or Enter, or press ? or * to list all spells.
The howler monkey is struck by an arc of lightning.
The howler monkey is heavily wounded.
You are struck by an arc of lightning.
* * * LOW HITPOINT WARNING * * *
The lightning grounds out.
* * * LOW HITPOINT WARNING * * *
The howler monkey hits you.
You die...

▓+▓
▓.▓
▓.▓
▓.▓
▓h▓
▓@▓
▓'▓
▓.▓
▓†▓
▓.▓
▓.▓
▓.▓
▓'▓
▓.▓


You could see a howler monkey (catching breath).

Vanquished Creatures
  A hound (D)
  An adder (D)
  A dart slug (D)
  A bat (D)
  2 quokkas (D)
  A ball python (D)
  A kobold (D)
  A rat (D)
9 creatures vanquished.

Notes
Turn   | Place    | Note
-------+----------+-------------------------------------------
     0 | D        | emperorscorpion the Djinni Air Elementalist began the quest
                  | for the Orb.
     0 | D        | Reached XP level 1. HP: 15/15 MP: 0/0
     3 | D        | Banished a spatial maelstrom
     6 | D        | Reached skill level 3 in Spellcasting
    63 | D        | Noticed a howler monkey
    63 | D        | Noticed a hound
    69 | D        | Killed a hound
    70 | D        | Reached skill level 4 in Spellcasting
    70 | D        | Reached XP level 2. HP: 21/21 MP: 0/0
    70 | D        | Reached XP level 3. HP: 25/25 MP: 0/0
    70 | D        | Learned a level 1 spell: Foxfire
    75 | D        | Reached skill level 5 in Spellcasting
    84 | D        | Slain by a howler monkey

Illustrated notes

Levels and vault maps discovered:
D:        linesprint [early_d, line_temple, items_1, d_10, items_2, lair_1,
          lair_end, items_3, orc_1, orc_end, items_4, d_15, swamp_1, shoals_1,
          snake_1, spider_1, d_20, vaults_1, items_5, swamp_end, shoals_end,
          snake_end, spider_end, vaults_end, d_27, items_6, zot_1, zot_end,
          crypt_end, forest_end, elf_end, slime_end, tomb_end, abyss_end,
          pan_hell_end]

Skill      XL: |  1  2  3 |
---------------+----------+-----
Spellcasting   | 4 5 |  5.2
Dodging        | 3 |  3.4
Stealth        | 2 |  2.5
Short Blades   | |  0.1

Action                   || total
-------------------------++-------
Melee: Short sword       ||    15
 Cast: Shock             ||     4
       Static Discharge  ||     2
  Use: Potion            ||     1
Armor: Robe              ||     1
Dodge: Dodged            ||     9

Table legend: (Time is in decaauts)
 A = Elapsed time spent in this place.
 B = Non-inter-level travel time spent in this place.
 C = Inter-level travel time spent in this place.
 D = Time resting spent in this place.
 E = Time spent auto-exploring this place.
 F = Levels seen in this place.
 G = Mean time per level.
                   A        B        C        D        E       F      G
               +--------+--------+--------+--------+--------+-----+--------+
         Total |     79 |     79 |      0 |     48 |      0 |   1 |   79.0 |
       Dungeon |     79 |     79 |      0 |     48 |      0 |   1 |   79.0 |
               +--------+--------+--------+--------+--------+-----+--------+

Top non-repeatable levels by time:
       D: 79 daAuts
